AoeStats
← Chlupinek

Arena

505516727Analyzed
4v4 RM · 21d ago on Sep 9, 2026· 51m 10s· 8 players
Game mode
Random Map
Map size
Large (8 player)
Population
200
Speed
Normal
Resources
Standard
Victory
Conquest
Starting age
Dark Age
Ending age
Imperial Age
RankedLock teamsTeams togetherTeam positionsShared explorationLock speedFull tech treeHidden civsTurbo modeCheats
Victory
Defeat
🇩🇪 Bengalis · Germany
1627
+13
🇲🇽 Lithuanians · Mexico
1625
+13
🇨🇿 Hindustanis · Czechia
1622
+13
🇲🇽 Celts · Mexico
1589
+15
🇪🇸 Koreans · Spain
1613
-15
🇪🇸 Portuguese · Spain
1579
-14
🇪🇸 Malay · Spain
1542
-13
🇪🇸 Magyars · Spain
1529
-12
Moris )
3:20 Loom
11:03 Feudal Age
14:35 Castle Age
12:26 Double-Bit Axe
12:36 Horse Collar
19:54 Wheelbarrow
23:34 Bow Saw
23:59 Hand Cart
24:31 Gold Mining
28:27 Imperial Age
25:44 Loom
25:44 Town Watch
25:57 Stone Mining
26:57 Scale Mail Armor
27:07 Forging
28:11 Chain Mail Armor
28:37 Stone Shaft Mining
28:56 Gold Shaft Mining
29:31 Ballistics
30:02 Plate Mail Armor
29:54 Conscription
30:40 Chemistry
30:08 Heavy Scorpion
31:46 Iron Casting
31:07 Gambesons
31:07 Arson
31:13 Treadmill Crane
31:44 Masonry
31:45 Siege Engineers
34:16 Blast Furnace
32:54 Capped Ram
33:51 Siege Ram
34:19 Elite Woad Raider
36:06 Heavy Plow
36:10 Town Patrol
37:01 Furor Celtica
39:29 Guilds
39:50 Coinage
39:20 Caravan
40:40 Pikeman
41:11 Halberdier
EL MAYA
10:40 Feudal Age
14:42 Castle Age
15:48 Double-Bit Axe
19:45 Bow Saw
19:45 Pikeman
23:57 Sanctity
26:11 Wheelbarrow
28:16 Hand Cart
27:49 Horse Collar
28:43 Forging
30:46 Iron Casting
30:27 Heavy Plow
33:01 Fortified Wall
32:55 Scale Mail Armor
36:28 Imperial Age
33:47 Loom
34:31 Chain Mail Armor
36:50 Hill Forts
36:36 Halberdier
38:10 Fletching
38:48 Bodkin Arrow
40:17 Bracer
42:27 Town Watch
Bleys
10:34 Feudal Age
14:06 Castle Age
12:41 Double-Bit Axe
12:37 Horse Collar
21:41 Bow Saw
27:33 Imperial Age
26:47 Wheelbarrow
25:57 Town Watch
25:58 Loom
26:27 Heavy Plow
26:26 Gold Mining
26:27 Stone Mining
27:12 Fletching
27:22 Padded Archer Armor
27:36 Bloodlines
27:26 Husbandry
28:16 Hand Cart
27:57 Bodkin Arrow
28:03 Elite Elephant Archer
30:19 Ballistics
31:07 Two-Man Saw
30:46 Guilds
31:51 Chemistry
32:13 Bracer
32:29 Leather Archer Armor
32:41 Masonry
32:37 Siege Engineers
33:38 Paiks
34:12 Crop Rotation
36:04 Mahayana
35:20 Light Cavalry
36:06 Scale Barding Armor
36:32 Ring Archer Armor
36:09 Scale Barding Armor
36:15 Forging
37:54 Architecture
37:20 Murder Holes
37:35 Elite Skirmisher
38:36 Chain Barding Armor
41:09 Plate Barding Armor
41:10 Iron Casting
42:14 Pikeman
42:54 Squires
43:00 Treadmill Crane
44:25 Blast Furnace
43:09 Halberdier
43:51 Scale Mail Armor
45:57 Conscription
48:26 Conscription
48:53 Chain Mail Armor
Chlupinek
11:58 Feudal Age
15:54 Castle Age
20:17 Imperial Age
22:00 Chemistry
30:47 Padded Archer Armor
32:10 Horse Collar
32:48 Double-Bit Axe
33:46 Bow Saw
34:51 Siege Engineers
37:15 Two-Man Saw
36:18 Heavy Plow
38:54 Light Cavalry
40:32 Scale Barding Armor
41:10 Forging
42:21 Gold Mining
42:25 Stone Mining
42:24 Heavy Camel Rider
43:05 Husbandry
43:16 Bloodlines
43:28 Chain Barding Armor
44:09 Iron Casting
44:11 Gold Shaft Mining
45:21 Wheelbarrow
45:19 Loom
45:43 Imperial Camel Rider
46:59 Plate Barding Armor
47:19 Hand Cart
48:24 Blast Furnace
47:40 Town Watch
49:54 Fletching
50:43 Stone Shaft Mining
50:35 Town Patrol
50:32 Bodkin Arrow
CQ.TurpiAcho
11:01 Feudal Age
11:52 Double-Bit Axe
14:52 Castle Age
12:43 Double-Bit Axe
13:35 Horse Collar
14:27 Horse Collar
20:53 Light Cavalry
23:40 Wheelbarrow
23:32 Bow Saw
24:14 Heavy Plow
24:10 Loom
25:26 Hand Cart
26:12 Town Watch
26:26 Gold Mining
30:27 Imperial Age
28:34 Fletching
29:11 Ballistics
29:29 Gold Shaft Mining
29:27 Bloodlines
29:17 Husbandry
30:36 Bodkin Arrow
32:14 Chemistry
31:15 Bracer
32:28 Two-Man Saw
32:12 Parthian Tactics
32:00 Padded Archer Armor
32:14 Recurve Bow
33:18 Leather Archer Armor
33:45 Conscription
32:59 Heavy Cavalry Archer
34:08 Thumb Ring
36:20 Siege Engineers
36:26 Masonry
36:58 Ring Archer Armor
DK_Nightclaim
10:57 Feudal Age
14:42 Castle Age
13:17 Double-Bit Axe
13:35 Loom
13:49 Horse Collar
16:12 Bow Saw
25:40 Imperial Age
26:44 Wheelbarrow
27:32 Chemistry
28:10 Padded Archer Armor
36:13 Heavy Plow
39:59 Scale Barding Armor
40:05 Forging
40:42 Bloodlines
40:33 Husbandry
39:55 Light Cavalry
41:26 Chain Barding Armor
43:46 Plate Barding Armor
43:47 Iron Casting
DK_Dani
9:08 Feudal Age
8:44 Double-Bit Axe
8:41 Horse Collar
16:17 Castle Age
17:20 Bow Saw
20:58 Heavy Plow
23:00 Sanctity
24:04 Wheelbarrow
25:22 Gold Mining
25:23 Stone Mining
26:26 Atonement
30:09 Imperial Age
27:45 Loom
28:18 Hand Cart
28:32 Scale Barding Armor
29:24 Gold Shaft Mining
30:46 Chemistry
29:24 Elite Battle Elephant
30:06 Husbandry
32:09 Forging
31:49 Onager
33:40 Iron Casting
35:47 Blast Furnace
34:36 Capped Ram
37:46 Coinage
39:54 Banking
39:33 Siege Engineers
39:51 Ballistics
39:12 Treadmill Crane
39:43 Masonry
42:31 Caravan
43:31 Guilds
43:46 Bombard Tower
43:20 Fletching
44:35 Conscription
44:28 Bodkin Arrow
46:21 Bracer
48:30 Murder Holes
48:38 Padded Archer Armor
48:31 Man-at-Arms
49:12 Squires
49:19 Long Swordsman
50:16 Leather Archer Armor
50:01 Two-Handed Swordsman
50:55 Forced Levy
Vlad von Carstein
10:36 Feudal Age
14:56 Castle Age
14:50 Horse Collar
14:56 Double-Bit Axe
16:34 Bow Saw
16:26 Heavy Plow
20:06 Wheelbarrow
22:09 Hand Cart
21:43 Town Watch
25:13 Stone Mining
25:14 Gold Mining
26:18 Loom
29:31 Imperial Age
27:39 Gold Shaft Mining
27:54 Fletching
28:19 Masonry
27:50 Treadmill Crane
28:41 Bodkin Arrow
29:13 Eupseong
30:10 Stone Shaft Mining
29:56 Squires
29:18 Pikeman
30:12 Bracer
31:19 Chemistry
30:45 Ballistics
30:57 Architecture
30:08 Treadmill Crane
32:39 Two-Man Saw
31:38 Murder Holes
32:49 Conscription
33:37 Siege Engineers
34:19 Arrowslits
37:28 Shinkichon
37:28 Heavy Rocket Cart
38:35 Heavy Rocket Cart
Connection lost

Rejoining the realm…

Still unreachable

The connection could not be restored.

Session expired

The server has moved on; the page needs a fresh start.